Map: Coda LE

Players

Wintersc2 (Winter)

  • Race: Terran Terran
  • Spawn Location: 5:00

DeMusliM - Winner!

  • Race: Terran Terran
  • Spawn Location: 11:00

VOD

Have the link to the VOD?

Description

Time

  • Played on: April 3, 2015, 5:52 a.m.
  • Length: 10:07
Show
View Real Time Build Order
Export as new Build Order

Wintersc2 Terran 

Build Orders: Reaper Expand, Mech 

Get SALT Encoding   

  12  0:00  SCV  
  13  0:13  SCV  
  14  0:18  Supply Depot  
  14  0:25  SCV  
  15  0:41  Barracks  
  15  0:45  Refinery  
  15  0:46  SCV  
  16  0:58  SCV  
  17  1:10  SCV  
  18  1:28  Orbital Command  
  18  1:31  Reaper  
  19  1:33  Supply Depot  
  19  1:54  SCV  
  20  2:04  Command Center, Marine  
  20  2:07  Factory  
  21  2:11  SCV  
  22  2:17  Refinery  
  22  2:23  SCV, Marine  
  24  2:35  SCV  
  25  2:47  SCV  
  26  2:51  Marine  
  26  2:52  Factory Tech Lab  
  27  2:59  SCV  
  27  3:03  Factory  
  28  3:11  SCV  
  29  3:13  Supply Depot  
  29  3:14  Marine  
  29  3:17  Orbital Command  
  30  3:23  SCV  
  30  3:28  Cyclone  
  33  3:36  SCV  
  33  3:38  Supply Depot  
  34  3:44  SCV  
  34  3:48  SCV  
  36  3:49  Factory Tech Lab  
  36  3:56  SCV  
  36  4:00  SCV  
  38  4:05  Cyclone  
  38  4:08  SCV  
  42  4:12  SCV  
  42  4:20  SCV  
  43  4:24  SCV  
  43  4:25  Refinery, Starport  
  43  4:27  Hellion  
  46  4:32  SCV  
  46  4:36  SCV  
  48  4:45  SCV, Cyclone  
  52  4:48  SCV  
  53  4:57  SCV  
  53  4:59  Command Center  
  54  5:00  SCV  
  54  5:01  Refinery  
  54  5:05  Viking  
  57  5:10  SCV, Hellion  
  57  5:14  Factory  
  60  5:18  SCV  
  61  5:27  SCV  
  62  5:38  Starport Tech Lab  
  62  5:39  SCV, Fusion Core  
  62  5:40  SCV  
  58  5:55  SCV  
  58  5:57  SCV  
  58  5:58  Missile Turret  
  58  6:00  Hellion  
  58  6:02  Starport  
  61  6:05  Hellion, Missile Turret  
  61  6:07  SCV  
  61  6:10  SCV  
  59  6:20  SCV  
  59  6:22  SCV  
  60  6:27  Armory  
  60  6:28  Hellion  
  62  6:36  Supply Depot  
  62  6:38  Supply Depot  
  62  6:43  Missile Turret  
  62  6:47  SCV x2, Hellion x2, Battlecruiser  
  74  6:54  Orbital Command  
  74  6:59  SCV  
  75  7:03  SCV  
  76  7:11  SCV  
  78  7:15  SCV  
  78  7:20  SCV  
  78  7:27  Behemoth Reactor  
  78  7:29  SCV  
  78  7:31  Orbital Command  
  78  7:32  SCV  
  78  7:33  Starport Tech Lab  
  78  7:34  Siege Tank x2  
  85  7:41  SCV, Terran Vehicle and Ship Weapons Level 1  
  85  7:43  Supply Depot  
  86  7:45  Supply Depot  
  86  7:51  SCV  
  87  7:53  Battlecruiser  
  93  8:04  SCV  
  94  8:06  SCV  
  94  8:07  SCV  
  96  8:16  SCV  
  96  8:18  SCV  
  96  8:19  SCV  
  99  8:20  Battlecruiser, Missile Turret  
  105  8:30  Weapon Refit  
  105  8:31  SCV  
  100  8:37  SCV  
  100  8:39  Refinery  
  100  8:40  Siege Tank, Refinery  
  104  8:43  SCV  
  103  8:50  SCV  
  103  8:55  SCV x2  
  106  9:05  SCV  
  109  9:13  SCV  
  87  9:18  Widow Mine  
  87  9:19  Siege Tank  
  68  9:43  SCV  
  72  9:45  SCV  
  77  9:55  SCV  
Show
View Real Time Build Order
Export as new Build Order

DeMusliM Terran - Winner!

Build Orders: Cyclone Opening, Cyclone Opening, MMM Bio 

Get SALT Encoding   

  12  0:17  SCV  
  13  0:25  Supply Depot  
  13  0:29  SCV  
  14  0:41  SCV  
  15  0:43  Refinery  
  15  0:51  Barracks  
  15  0:53  SCV  
  16  1:05  SCV  
  17  1:17  SCV  
  18  1:26  Refinery  
  18  1:29  SCV  
  19  1:41  Marine  
  19  1:42  Orbital Command  
  19  1:43  Factory  
  20  1:49  Supply Depot  
  20  1:59  Barracks Tech Lab  
  20  2:08  SCV  
  21  2:20  SCV  
  22  2:32  SCV  
  22  2:35  Reaper  
  24  2:44  SCV  
  24  2:50  Cyclone  
  27  2:56  SCV  
  27  2:59  Command Center  
  27  3:06  Supply Depot  
  27  3:10  SCV  
  28  3:16  Starport  
  28  3:23  SCV  
  29  3:31  Engineering Bay  
  29  3:35  SCV  
  29  3:38  Supply Depot  
  30  3:47  SCV  
  31  3:57  Factory Tech Lab  
  31  4:02  SCV  
  31  4:04  Banshee, Cloaking Field  
  31  4:08  Barracks Reactor  
  34  4:20  SCV  
  34  4:21  Orbital Command  
  34  4:22  Siege Tank  
  35  4:33  Bunker  
  35  4:39  SCV  
  35  4:42  Orbital Command  
  35  4:44  Marine  
  35  4:45  Marine  
  38  4:46  Banshee  
  38  4:51  SCV  
  42  4:54  Siege Tank  
  45  5:02  Marine x2  
  45  5:03  Supply Depot, SCV  
  48  5:08  Barracks  
  48  5:11  SCV  
  48  5:13  Barracks  
  49  5:15  SCV  
  50  5:23  Marine  
  50  5:24  Supply Depot, Marine  
  52  5:32  Banshee  
  56  5:35  SCV x2  
  57  5:47  SCV  
  57  5:48  SCV  
  59  5:53  Marine  
  59  5:54  Marine  
  59  5:55  Siege Tank  
  61  5:57  Barracks Tech Lab  
  61  6:00  SCV x2  
  61  6:01  Barracks Tech Lab  
  63  6:12  SCV x2  
  63  6:14  Refinery x2  
  63  6:15  Supply Depot  
  63  6:16  Supply Depot  
  63  6:18  Supply Depot  
  65  6:22  Stimpack  
  65  6:24  SCV x2  
  64  6:26  Starport Reactor  
  64  6:33  Combat Shields  
  64  6:36  SCV x2  
  66  6:42  Command Center  
  66  6:48  Terran Infantry Weapons Level 1, SCV x2  
  66  6:49  Marine x4  
  72  7:00  SCV x2  
  74  7:05  Medivac  
  74  7:07  Marine x3  
  74  7:08  Marauder  
  81  7:09  Supply Depot x2  
  81  7:12  SCV x2  
  83  7:18  Missile Turret  
  83  7:20  Missile Turret  
  83  7:22  Viking  
  83  7:25  Marauder  
  83  7:27  Starport  
  83  7:29  Marine x3  
  87  7:36  Viking  
  89  7:44  Command Center  
  89  7:52  Viking  
  89  7:55  Marauder x2  
  95  7:59  Barracks  
  95  8:00  SCV x2  
  95  8:01  Barracks  
  97  8:12  SCV x2  
  99  8:17  Medivac x2  
  103  8:24  SCV  
  99  8:28  Planetary Fortress  
  99  8:29  SCV  
  100  8:34  Marine x2  
  100  8:35  Marauder x2  
  100  8:36  SCV  
  107  8:43  Supply Depot  
  107  8:44  Supply Depot  
  107  8:50  Concussive Shells  
  107  8:51  Barracks Reactor  
  107  8:54  SCV x2  
  109  8:58  Supply Depot  
  109  9:02  Viking x2  
  111  9:03  Viking  
  115  9:16  Marauder, Marine x4  
  113  9:19  SCV  
  113  9:20  SCV  
  108  9:28  Marine x2  
  108  9:34  Marine x3  
  108  9:35  Marauder  
  108  9:38  Marauder  
  114  9:45  SCV x3  
Tags
 
Add a new tag
Caveats
  • Supply blocks, unpowered buildings, or Contaminate may cause inaccurate times.
  • Supply counts are checked every 10 seconds.